 Dungeon Crawl Stone Soup version 0.25-a0-1073-gf4359a17dd (webtiles) character file.

Game seed: 5345175075078198259, levelgen mode: deterministic

25 Flugslaktarn the Shield-Bearer (level 2, -1/27 HPs)
             Began as a Deep Dwarf Fighter on May 14, 2020.
             Slain by an orc
             ... wielding a +0 flail
              (7 damage)
             ... on level 3 of the Dungeon.
             The game lasted 00:00:22 (380 turns).

Flugslaktarn the Shield-Bearer (Deep Dwarf Fighter)  Turns: 380, Time: 00:00:22

Health: -1/27      AC:  6    Str: 19    XL:     2   Next: 86%
Magic:  2/2        EV:  7    Int:  8    God:
Gold:   50         SH:  9    Dex: 12    Spells: 1/1 levels left

rFire    . . .     SeeInvis .   a - +0 war axe
rCold    . . .     Gourm    .   c - +0 kite shield
rNeg     . . .     Faith    .   b - +0 scale mail
rPois    .         Spirit   .   (no helmet)
rElec    .         Reflect  .   (no cloak)
rCorr    .         Harm     .   (no gloves)
MR       .....                  (no boots)
Stlth    ..........             (no amulet)
HPRegen  0.00/turn              (no ring)
MPRegen  0.08/turn              (no ring)

@: non-regenerating
A: damage resistance, heal wounds, sense surroundings 1, no regeneration
a: Heal Wounds


You were on level 3 of the Dungeon.
You were not hungry.

You visited 1 branch of the dungeon, and saw 3 of its levels.

You collected 50 gold pieces.

Inventory:

Hand Weapons
 a - a +0 war axe (weapon)
Armour
 b - a +0 scale mail (worn)
 c - a +0 kite shield (worn)
Jewellery
 i - an uncursed ring of protection from magic {unknown}
   (You found it on level 1 of the Dungeon)
Scrolls
 g - a scroll of immolation {unknown}
 j - 2 scrolls of teleportation {unknown}
Potions
 d - a potion of might
 h - a potion of lignification {unknown}
 k - a potion of ambrosia {unknown}
 l - a potion of mutation {unknown}
Comestibles
 e - a ration
 f - 7 chunks of flesh


   Skills:
 + Level 2.9 Fighting
 * Level 2.9 Axes
 + Level 3.5 Armour
 + Level 3.5 Shields


You had one spell level left.
You didn't know any spells.
Your spell library was empty.

Dungeon Overview and Level Annotations

Branches:
Dungeon (3/15)

Altars:


Innate Abilities, Weirdness & Mutations

You are resistant to damage.
You can heal yourself by infusing magical energy.
You passively map a small area around you.
You do not regenerate.


Message History

* * * LOW HITPOINT WARNING * * *
You are too injured to fight recklessly!
You are too injured to fight recklessly!
You are too injured to fight recklessly!
You are too injured to fight recklessly!
You are too injured to fight recklessly!
You are too injured to fight recklessly!
You are too injured to fight recklessly!
You are too injured to fight recklessly!
You are too injured to fight recklessly!
You are too injured to fight recklessly!
You are too injured to fight recklessly!
You are too injured to fight recklessly!
You fail to use your ability.
You are too injured to fight recklessly!
You are too injured to fight recklessly!
You are too injured to fight recklessly!
You are too injured to fight recklessly!
You fail to use your ability.
The orc hits you with a +0 flail!
You die...

* ....# * ,, * ##...
#.... * ... ,***## * ,
...,...... , , , *
#o#*#...., #.# #..# * #
#.###..# . * *
##oo@...# ###. *
##...###.# #.. *
##.....##.# #.##* #
#.......#.###..##.# , *
#...............>..###
+.....................,
#.........####<..####
##.......## #.....# , *
##..>..## #####.#


You could see 2 orcs.

Vanquished Creatures
  An adder (D:3)
  3 orcs (D:3)
  A ball python (D:3)
  A giant cockroach (D:1)
  2 goblins (D:1)
  A bat (D:2)
  2 kobolds (D:1)
  2 rats (D:1)
13 creatures vanquished.

Notes
Turn   | Place    | Note
-------+----------+-------------------------------------------
     0 | D:1      | Flugslaktarn the Deep Dwarf Fighter began the quest for the
                  | Orb.
     0 | D:1      | Reached XP level 1. HP: 20/20 MP: 1/1
   277 | D:2      | You fall into a shaft and drop 1 floor!
   280 | D:3      | Reached XP level 2. HP: 27/27 MP: 2/2
   380 | D:3      | Slain by an orc

Illustrated notes

Levels and vault maps discovered:
D:1:      saegor_arrival_simple_b, layout_loops_ring,
          minmay_misc_feat_four_crosses, chequers_serial_rivers_room_a,
          st_stairs_6, serial_bayou_pond_e, minmay_tree_intersection,
          minmay_misc_feat_chi
D:2:      layout_rooms, lemuel_coloured_pillars_altar, minitemple, uniq_robin
D:3:      layout_loops_corners, nicolae_overflow_hidden_temple, first_ration

Action                   || total
-------------------------++-------
Melee: War axe           ||    43
Armor: Scale mail        ||    17
Dodge: Dodged            ||    12
Block: Kite shield       ||    16

Table legend:
 A = Non-vault XP
 B = Vault XP
 C = Vault XP percentage of total XP
 D = Non-vault monster count
 E = Vault monster count
 F = Vault count percentage of total count
                 A         B        C        D         E       F
            +---------+---------+-------+---------+---------+-------
      Total |      36 |       1 |   2.7 |      12 |       1 |   7.7
            +---------+---------+-------+---------+---------+-------
        D:1 |      10 |       1 |   9.1 |       6 |       1 |  14.3
        D:2 |       1 |       0 |   0.0 |       1 |       0 |   0.0
        D:3 |      25 |       0 |   0.0 |       5 |       0 |   0.0
            +---------+---------+-------+---------+---------+-------
